 Dungeon Crawl Stone Soup version 0.26-a0-812-g31a745ddcd (webtiles) character file.

Game seed: 11345694915782946218

8378 Archison the Cleaver (level 11, -1/94 HPs)
             Began as a Hill Orc Fighter on Oct 27, 2020.
             Was a Priest of Makhleb.
             Slain by an ogre
             ... wielding a +0 giant spiked club
              (12 damage)
             ... on level 1 of the Orcish Mines on Nov 16, 2020.
             The game lasted 00:28:34 (13509 turns).

Archison the Cleaver (Hill Orc Fighter)            Turns: 13509, Time: 00:28:35

Health: -1/94      AC:  9    Str: 23    XL:     11   Next: 29%
Magic:  0/11       EV:  7    Int:  8    God:    Makhleb [***...]
Gold:   1105       SH: 12    Dex: 10    Spells: 10/10 levels left

rFire    . . .     SeeInvis .   a - +0 war axe
rCold    . . .     Faith    .   c - +1 kite shield
rNeg     . . .     Spirit   +   b - +0 scale mail
rPois    .         Reflect  .   (no helmet)
rElec    .         Harm     .   (no cloak)
rCorr    .         Rampage  .   (no gloves)
MR       +....                  L - +0 pair of boots
Stlth    ..........             y - amulet of guardian spirit
HPRegen  0.25/turn              N - ring of protection from magic
MPRegen  0.12/turn              (no ring)

@: grasped by roots, constricted
A: no striking features
a: Minor Destruction, Lesser Servant of Makhleb, Renounce Religion


You were on level 1 of the Orcish Mines.
You worshipped Makhleb.
Makhleb was most pleased with you.
You visited 3 branches of the dungeon, and saw 13 of its levels.
You also visited: Ossuary.

You collected 1105 gold pieces.

Inventory:

Hand Weapons
 a - a +0 war axe (weapon)
 e - a +0 dagger
Missiles
 q - 5 curare-tipped darts
 r - 417 stones (quivered)
Armour
 b - a +0 scale mail (worn)
 c - a +1 kite shield (worn)
 L - a +0 pair of boots (worn)
 O - a +0 kite shield
 P - a +0 tower shield
 Q - a +2 kite shield
Jewellery
 j - a cursed ring of attention
 t - an uncursed amulet of reflection
 v - a cursed ring of attention
 y - an amulet of guardian spirit (around neck)
 z - a +6 ring of intelligence {unknown}
 G - an uncursed amulet of regeneration {unknown}
 H - an uncursed ring of fire {unknown}
 N - a ring of protection from magic (left hand)
Wands
 i - a wand of polymorph (9)
 D - a wand of random effects (50)
 I - a wand of enslavement (11)
 S - a wand of iceblast (11)
Scrolls
 f - 7 scrolls of amnesia
 g - 4 scrolls of teleportation
 h - 2 scrolls of enchant armour
 l - 3 scrolls of noise
 m - 5 scrolls of remove curse
 s - 2 scrolls of blinking {unknown}
 w - 2 scrolls of immolation
 x - a scroll of enchant weapon {unknown}
 B - a scroll of magic mapping {unknown}
 K - 3 scrolls of fear {unknown}
 M - a scroll of fog {unknown}
 R - a scroll of vulnerability {unknown}
 T - a scroll of identify
 U - a scroll of brand weapon {unknown}
Potions
 d - 2 potions of might
 k - 4 potions of flight {unknown}
 n - 4 potions of resistance {unknown}
 o - 2 potions of degeneration {unknown}
 p - 2 potions of ambrosia {unknown}
 u - 2 potions of berserk rage {unknown}
 A - 2 potions of haste {unknown}
 C - 2 potions of curing
 F - 2 potions of brilliance {unknown}
 J - 3 potions of lignification {unknown}
 V - a potion of attraction {unknown}


   Skills:
 + Level 8.0 Fighting
 + Level 14.0 Axes
 + Level 0.8 Throwing
 + Level 8.9 Armour
 + Level 3.4 Dodging
 + Level 2.0 Stealth
 + Level 8.8 Shields


You had 10 spell levels left.
You didn't know any spells.
Your spell library contained the following spells:

 Spells                   Type           Power        Failure   Level
 Foxfire                  Conj/Fire      #...         91%         1
 Conjure Flame            Conj/Fire      #.......     99%         3
 Inner Flame              Hex/Fire       #.......     99%         3
 Sticky Flame             Conj/Fire      #.......     100%        4
 Fireball                 Conj/Fire      #.........   100%        5


Dungeon Overview and Level Annotations

Branches:
Dungeon (11/15)            Temple (1/1) D:4            Lair (0/6) D:8
    Orc (1/2) D:10        Ossuary (visited)

Altars:
Ashenzari
Cheibriados
Dithmenos
Elyvilon
Fedhas
Gozag
Hepliaklqana
Kikubaaqudgha
Makhleb
Nemelex Xobeh
Okawaru
Ru
Sif Muna
Trog
Uskayaw
Vehumet
Wu Jian
Xom
Zin
The Shining One

Shops:
D:10 (   Orc:1 ?

Annotations:
D:3 3 runed translucent doors, p0werm0de's ghost, amateur GrFi
D:10 SHOP
Orc:1 Jorgrun


Message History

Quiver which item? (- for none, * to show all) (? for menu, Esc to quit)
Okay, then.
You feel better. Jorgrun casts a spell at you.
Roots burst forth from the earth!
The grasping roots grab you!
* * * LOW HITPOINT WARNING * * *
The grasping roots constrict you! The ogre closely misses you.
You feel better. You block Jorgrun's attack.
* * * LOW HITPOINT WARNING * * *
The grasping roots constrict you!!
You escape the roots' grasp.
Jorgrun gestures at you while chanting.
Roots burst forth from the earth!
The grasping roots grab you!
* * * LOW HITPOINT WARNING * * *
The grasping roots constrict you!
The roots' grasp on you weakens, but your attempt to escape fails.
The ogre hits you with a +0 giant spiked club!
You die...

##....# ...#....#....
##....####.#....#.....
#....###...#...#....#
#.....#∩............# ..
##.....#............# ...#
#.......#.....##...##
#....##.......##...###....##..
.............#......#<>.......
........#.....gO@...)[........
....................)).......>
...........#..................
............#.............#...
...........#.....#........# ..
......###########........#.. .
#####> #.....#...##..
##.#.##....#.. ##.## #..##


You could see Jorgrun and an ogre.

Vanquished Creatures
  Harold (D:8)
  A centaur zombie (D:10)
  Joseph (D:9)
  A hornet (D:9)
  A removed hippogriff (D:9)
  Sigmund (D:6)
  A wyvern (D:10)
  10 yaks
  A steam dragon (D:10)
  3 basilisks (D:8)
  Menkaure (D:4)
  A removed porcupine (D:8)
  2 orc warriors
  3 sky beasts
  An ice beast (D:8)
  2 black bears (D:7)
  3 phantoms
  3 ogres
  2 centaurs
  A big kobold (D:7)
  Blork the orc (D:6)
  3 bullfrogs
  4 scorpions
  4 killer bees
  15 wights
  3 howler monkeys
  A bullfrog skeleton (D:5)
  7 orc priests
  6 hounds
  8 orc wizards
  A centaur skeleton (D:4)
  4 iguanas
  4 worker ants
  A killer bee zombie (D:9)
  A hound zombie (D:8)
  2 worker ant zombies
  8 mummies (Ossuary)
  9 adders
  2 shadow imps
  2 white imps
  2 ufetubi
  An ooze (D:4)
  An adder zombie (D:9)
  An adder skeleton (D:9)
  4 worms
  3 dart slugs
  11 leopard geckos
  42 orcs
  5 giant cockroaches
  A gnoll zombie (Ossuary)
  6 goblins
  8 hobgoblins
  7 jackals
  7 kobolds
  2 quokkas (D:2)
  A ball python (D:3)
  3 bats
  4 frilled lizards
  3 hobgoblin zombies (Ossuary)
  A jackal skeleton (D:8)
  2 kobold zombies (Ossuary)
  A leopard gecko skeleton (D:2)
  2 orc zombies (Ossuary)
  A rat (D:2)
245 creatures vanquished.

Vanquished Creatures (others)
  A quokka (D:10)
  4 fungi
  18 plants
23 creatures vanquished.

Grand Total: 268 creatures vanquished

Notes
Turn   | Place    | Note
-------+----------+-------------------------------------------
     0 | D:1      | Archison the Hill Orc Fighter began the quest for the Orb.
     0 | D:1      | Reached XP level 1. HP: 19/19 MP: 1/1
   293 | D:1      | Reached XP level 2. HP: 27/27 MP: 2/2
   765 | D:1      | Reached skill level 3 in Axes
   872 | D:2      | Reached XP level 3. HP: 33/33 MP: 3/3
   907 | D:2      | Found an opulent altar of Gozag.
  1158 | D:2      | Reached XP level 4. HP: 40/40 MP: 4/4
  1162 | D:2      | Reached skill level 4 in Axes
  1687 | D:2      | Found a broken altar of Ashenzari.
  1689 | D:2      | Found a sparkling altar of Nemelex Xobeh.
  2123 | D:3      | Found a runed translucent gate.
  2123 | D:3      | Found a runed translucent gate.
  2123 | D:3      | Found a runed translucent gate.
  2124 | D:3      | Identified the cursed +1 dagger "Boxt" {venom, rF+ MR+
                  | Stlth+}
  2125 | D:3      | Noticed p0werm0de's ghost (amateur GrFi)
  2131 | D:3      | Reached XP level 5. HP: 46/46 MP: 5/5
  2136 | D:3      | Reached skill level 5 in Axes
  2142 | D:3      | HP: 2/46 [orc priest/+0 flail of draining (3)]
  2495 | D:3      | Noticed a big kobold
  2961 | D:3      | Found a snail-covered altar of Cheibriados.
  3022 | D:3      | HP: 2/46 [worker ant (4)]
  3027 | D:3      | Reached XP level 6. HP: 29/52 MP: 6/6
  3450 | D:4      | Reached skill level 6 in Axes
  3450 | D:4      | Reached skill level 1 in Dodging
  3672 | D:4      | Reached skill level 5 in Armour
  3672 | D:4      | Reached XP level 7. HP: 29/60 MP: 7/7
  3994 | D:4      | Reached skill level 5 in Shields
  4007 | D:4      | Reached skill level 7 in Axes
  4704 | D:4      | Found a staircase to the Ecumenical Temple.
  4711 | D:4      | Noticed Menkaure
  4714 | Temple   | Entered the Ecumenical Temple
  4902 | Temple   | Became a worshipper of Makhleb the Destroyer
  4936 | D:4      | Killed Menkaure
  4936 | D:4      | Reached XP level 8. HP: 20/67 MP: 8/8
  5451 | D:4      | Reached skill level 5 in Fighting
  5451 | D:4      | Reached skill level 8 in Axes
  5946 | D:4      | Found a shimmering blue altar of Sif Muna.
  6044 | D:5      | Entered Level 5 of the Dungeon
  6254 | D:5      | Found a sand-covered staircase.
  6259 | Ossuary  | Entered an ossuary
  6267 | Ossuary  | Reached * piety under Makhleb
  7061 | D:6      | Reached skill level 9 in Axes
  7237 | D:6      | Found a white marble altar of Elyvilon.
  7577 | D:7      | Reached XP level 9. HP: 38/74 MP: 9/9
  7922 | D:7      | Found a bloodstained altar of Trog.
  8201 | D:7      | Reached skill level 10 in Axes
  8204 | D:7      | Reached skill level 1 in Stealth
  8399 | D:7      | Found a glowing silver altar of Zin.
  8779 | D:6      | Noticed Sigmund
  8780 | D:6      | Noticed Blork the orc
  8805 | D:6      | Killed Blork the orc
  8835 | D:6      | Killed Sigmund
  9411 | D:8      | Noticed Harold
  9437 | D:8      | Killed Harold
  9437 | D:8      | Reached skill level 11 in Axes
  9508 | D:7      | Reached XP level 10. HP: 49/84 MP: 10/10
  9827 | D:8      | Reached skill level 12 in Axes
  9865 | D:8      | Found a staircase to the Lair.
  9870 | D:8      | Reached ** piety under Makhleb
  9975 | D:8      | Found a shadowy altar of Dithmenos.
 10059 | D:8      | Found a shimmering altar of Xom.
 10060 | D:8      | Found a shimmering altar of Xom.
 10060 | D:8      | Found a shimmering altar of Xom.
 10060 | D:8      | Found a shimmering altar of Xom.
 10061 | D:8      | Found a shimmering altar of Xom.
 10061 | D:8      | Found a shimmering altar of Xom.
 10063 | D:8      | Found a shimmering altar of Xom.
 10841 | D:10     | Entered Level 10 of the Dungeon
 10849 | D:9      | Noticed Joseph
 10869 | D:9      | Killed Joseph
 11045 | D:9      | Reached skill level 13 in Axes
 11992 | D:10     | Found a white marble altar of Elyvilon.
 12093 | D:10     | Reached XP level 11. HP: 86/92 MP: 9/11
 12312 | D:10     | Found a staircase to the Orcish Mines.
 12316 | D:10     | Reached *** piety under Makhleb
 12536 | D:10     | Found Dolesuid's Weapon Shoppe.
 12632 | D:10     | Upgraded the game from 0.26-a0-651-gb41185065b to
                  | 0.26-a0-812-g31a745ddcd
 13029 | D:10     | Reached skill level 14 in Axes
 13271 | Orc:1    | Entered Level 1 of the Orcish Mines
 13272 | Orc:1    | Found Reazoall's Magic Scroll Boutique.
 13481 | Orc:1    | Noticed Jorgrun
 13509 | Orc:1    | Slain by an ogre

Illustrated notes

Levels and vault maps discovered:
D:1:      ncdulo_halloftheorcs, layout_loops_corners
D:2:      layout_basic, nicolae_gozag_seed_capital,
          nicolae_overflow_hidden_temple
D:3:      layout_loops_corners, cheibriados_altar_1,
          gammafunk_ghost_nasty_kobolds
D:4:      layout_gridville, lemuel_blue_sif_altar, minmay_temple_entry_trees,
          corner_web_ring, kennysheep_generic_room_15, uniq_menkaure
D:5:      layout_cave_pools, enter_ossuary_2
D:6:      layout_basic, lemuel_crystal_altar, cheibrodos_sewer_entry_bend,
          uniq_sigmund, uniq_blork_the_orc
D:7:      layout_basic, trog_ov_bears_minmay, lemuel_coloured_pillars_altar
D:8:      layout_rooms, xom_redecorated, minmay_lair_entry_grove,
          nicolae_dithmenos_through_a_glass_darkly, uniq_harold
D:9:      layout_roguey, uniq_joseph
D:10:     layout_roguey, orc_david_3, elyvilon_altar_4
D:11:     layout_loops_ring
Temple:   minmay_temple_curvy_loop
Orc:1:    orc_temple, layout_caves, basic_altar, ebering_ghost_disaster_area,
          serial_shops, shop, uniq_jorgrun

Skill      XL: |  1  2  3  4  5  6  7  8  9 10 11 |
---------------+----------------------------------+-----
Axes           | 3 4 5 6 7 9 11 13 14 | 14.0
Shields        | 4 5 6 7 8 |  8.8
Fighting       | 4 5 6 7 8 |  8.0
Armour         | 4 5 6 7 8 |  8.9
Dodging        | 1 2 3 |  3.4
Stealth        | 1 2 |  2.0
Throwing       | |  0.8

Action                   |  1- 3 |  4- 6 |  7- 9 | 10-12 || total
-------------------------+-------+-------+-------+-------++-------
Melee: War axe           |    84 |   178 |   399 |   431 ||  1092
Throw: Dart              |       |       |     5 |       ||     5
       Stone             |       |       |     7 |       ||     7
  Use: Potion            |       |     5 |     2 |     5 ||    12
       Scroll            |       |       |     9 |     3 ||    12
Armor: Scale mail        |    33 |    48 |   137 |    81 ||   299
Dodge: Dodged            |    20 |    63 |   109 |   104 ||   296
Block: Kite shield       |    47 |   107 |   232 |   258 ||   644
       Reflection        |       |       |     1 |       ||     1

Table legend: (Time is in decaauts)
 A = Elapsed time spent in this place.
 B = Non-inter-level travel time spent in this place.
 C = Inter-level travel time spent in this place.
 D = Time resting spent in this place.
 E = Time spent auto-exploring this place.
 F = Levels seen in this place.
 G = Mean time per level.
                   A        B        C        D        E       F      G
               +--------+--------+--------+--------+--------+-----+--------+
         Total |  13645 |  13278 |    367 |   4744 |   5498 |  14 |  974.6 |
       Dungeon |  12828 |  12481 |    347 |   4439 |   5207 |  11 | 1166.2 |
        Temple |    213 |    193 |     20 |      0 |    169 |   1 |  213.0 |
  Orcish Mines |    162 |    162 |      0 |     85 |     24 |   1 |  162.0 |
       Ossuary |    441 |    441 |      0 |    220 |     98 |   1 |  441.0 |
               +--------+--------+--------+--------+--------+-----+--------+

Top non-repeatable levels by time:
     D:4: 2609 daAuts
     D:7: 1627 daAuts
     D:3: 1498 daAuts
    D:10: 1349 daAuts
     D:8: 1306 daAuts
     D:6: 1027 daAuts
     D:9: 1004 daAuts
     D:2: 960 daAuts
     D:1: 890 daAuts
     D:5: 553 daAuts
 Ossuary: 441 daAuts
  Temple: 213 daAuts
   Orc:1: 162 daAuts
    D:11: 1 daAuts
